 Dungeon Crawl Stone Soup version 0.28-a0-533-g9f97627e2a (webtiles) character file.

Game seed: 3182530107842823936

651 TimeIsEndless the Skirmisher (level 7, 0/60 HPs)
             Began as a Formicid Fighter on Sept 26, 2021.
             Was an Initiate of Okawaru.
             Slain by Crazy Yiuf the naga (14 damage)
             ... on level 4 of the Dungeon.
             The game lasted 00:03:01 (5255 turns).

TimeIsEndless the Skirmisher (Formicid Fighter)     Turns: 5255, Time: 00:03:02

Health: 0/60       AC:  6    Str: 22    XL:     7   Next: 83%
Magic:  7/7        EV:  6    Int:  7    God:    Okawaru [......]
Gold:   222        SH:  4    Dex: 11    Spells: 6/6 levels left

rFire   . . .      SeeInvis +   a - +0 war axe
rCold   . . .      Faith    .   c - +0 buckler
rNeg    . . .      Spirit   .   b - +0 scale mail
rPois   .          Reflect  .   (helmet unavailable)
rElec   .          Harm     .   (no cloak)
rCorr   .          Rampage  .   (no gloves)
Will    .....                   (no boots)
Stlth   ..........              (no amulet)
HPRegen 0.20/turn               (no ring)
MPRegen 0.10/turn               (no ring)

@: brilliant, lethally poisoned (0 -> -1), constricted
A: permanent stasis, dig shafts and tunnels, antennae 3, four strong arms
a: Dig, Shaft Self, Renounce Religion


You were on level 4 of the Dungeon.
You worshipped Okawaru.
Okawaru was noncommittal.
You visited 2 branches of the dungeon, and saw 5 of its levels.

You collected 222 gold pieces.

Inventory:

Hand Weapons
 a - a +0 war axe (weapon)
Missiles
 q - a throwing net
Armour
 b - a +0 scale mail (worn)
 c - a +0 buckler (worn)
Wands
 r - a wand of flame (18)
 s - a wand of polymorph (2)
Scrolls
 f - 3 scrolls of teleportation {unknown}
 g - 2 scrolls of identify {unknown}
 i - a scroll of enchant weapon {unknown}
 l - 2 scrolls of amnesia {unknown}
 m - a scroll of torment {unknown}
 n - a scroll of noise {unknown}
 o - a scroll of fog {unknown}
 t - a scroll of enchant armour {unknown}
Potions
 d - a potion of might
 e - a potion of brilliance
 h - a potion of flight {unknown}
 j - 2 potions of curing {unknown}
 k - 2 potions of invisibility {unknown}
 p - a potion of degeneration {unknown}


   Skills:
 + Level 7.0 Fighting
 + Level 5.9 Axes
 - Level 3.3 Armour
 - Level 3.6 Shields


You had 6 spell levels left.
You didn't know any spells.
Your spell library contained the following spells:

 Spells                   Type           Power      Damage    Failure   Level
 Apportation              Tloc           0%         N/A       77%         1
 Portal Projectile        Hex/Tloc       0%         N/A       98%         3
 Leda's Liquefaction      Hex/Erth       0%         N/A       100%        4
 Alistair's Intoxication  Tmut/Pois      0%         N/A       100%        5
 Invisibility             Hex            0%         N/A       100%        6
 Call Canine Familiar     Summ           Unusable   N/A       N/A         3

Dungeon Overview and Level Annotations

Branches:
Dungeon (4/15)             Temple (1/1) D:4

Altars:
Elyvilon
Fedhas
Gozag
Hepliaklqana
Makhleb
Nemelex Xobeh
Okawaru
Qazlal
Ru
Sif Muna
Trog
Uskayaw
Vehumet
Wu Jian
Xom
Yredelemnul
The Shining One

Annotations:
D:4 Crazy Yiuf


Innate Abilities, Weirdness & Mutations

You cannot be hasted, slowed, berserked, paralysed or teleported.
You can dig through walls and to a lower floor.
You have a pair of large antennae on your head. (SInv)
Your four strong arms can wield two-handed weapons with a shield.


Message History

Crazy Yiuf shouts!
Crazy Yiuf screams, "Adder pizzabubble canine!"
Okay, then.
As you open the door, it creaks loudly!
Aiming: Polymorph
Press: ? - help, Shift-Dir - straight line, f - Crazy Yiuf
Aim: Crazy Yiuf, wielding a +3 quarterstaff of chaos and wearing a +0 cloak (will become a naga, a killer bee, or a steam dragon, chance to affect: 54%) Crazy Yiuf evaporates and reforms as a naga!
Crazy Yiuf picks up a +3 quarterstaff of chaos.
Crazy Yiuf wields a +3 quarterstaff of chaos.
It is briefly surrounded by a scintillating aura of random colours.
You slash Crazy Yiuf!
Crazy Yiuf is heavily wounded.
Crazy Yiuf barely misses you. You block Crazy Yiuf's attack.
You closely miss Crazy Yiuf.
Crazy Yiuf is heavily wounded.
Crazy Yiuf hits you with a +3 quarterstaff of chaos!
Crazy Yiuf burns you. Crazy Yiuf completely misses you.
You hit Crazy Yiuf but do no damage.
Crazy Yiuf is heavily wounded.
Crazy Yiuf spits poison at you. The splash of poison hits you!
You are poisoned.
You hit Crazy Yiuf.
Crazy Yiuf is heavily wounded.
You feel sick. Crazy Yiuf closely misses you. Crazy Yiuf grabs you.
Crazy Yiuf constricts you.
You hit Crazy Yiuf but do no damage.
Crazy Yiuf is heavily wounded.
You feel sick. Crazy Yiuf barely misses you. Crazy Yiuf constricts you.
You block Crazy Yiuf's attack. Crazy Yiuf constricts you.
You barely miss Crazy Yiuf.
Crazy Yiuf is heavily wounded.
You feel sick. Crazy Yiuf barely misses you. Crazy Yiuf constricts you.
* * * LOW HITPOINT WARNING * * *
It was a potion of brilliance.
You feel clever all of a sudden.
You feel sick.
Crazy Yiuf hits you with a +3 quarterstaff of chaos!
You die...

## ##.##
#....#.## #.#
#.####..#######
#.# #.#
#........# #.#
### ########.##
#.# #..# #.#
♣♣♣♣♣###.# #.#
### ♣♣♣.♣....#.#
#.#
#...#♣..♣.......#
#.#
#...N@♣♣♣♣......#
#.# #)..#♣♣
♣♣....##
#######.# ###
♣♣#### ........#
######### ### ###
#.# #.# #.# #.#
#.# #.#


You could see Crazy Yiuf the naga.

Vanquished Creatures
  Grinder (D:4)
  Edmund (D:4)
  A phantom (D:4)
  A crimson imp (D:3)
  A bullfrog skeleton (D:4)
  A jelly (D:3)
  Ijyb (D:4)
  An iguana (D:4)
  An orc wizard (D:3)
  2 adders
  3 worms (D:2)
  2 orcs (D:3)
  8 endoplasms
  10 giant cockroaches
  7 goblins
  8 hobgoblins
  A quokka (D:1)
  2 ball pythons
  5 bats (D:1)
  5 frilled lizards
  2 goblin skeletons (D:3)
  A goblin zombie (D:3)
  2 hobgoblin zombies (D:3)
  6 kobolds
  A kobold zombie (D:3)
  An orc skeleton (D:3)
  4 rats
79 creatures vanquished.

Notes
Turn   | Place    | Note
-------+----------+-------------------------------------------
     0 | D:1      | TimeIsEndless the Formicid Fighter began the quest for the
                  | Orb.
     0 | D:1      | Reached XP level 1. HP: 18/18 MP: 1/1
   167 | D:1      | Reached XP level 2. HP: 12/24 MP: 2/2
   837 | D:1      | Reached XP level 3. HP: 26/30 MP: 3/3
  1049 | D:1      | Reached skill level 4 in Fighting
  1708 | D:2      | Reached XP level 4. HP: 36/37 MP: 4/4
  2591 | D:3      | Reached XP level 5. HP: 32/43 MP: 5/5
  2699 | D:3      | Found a faded altar of an unknown god.
  2848 | D:3      | Found a glowing golden altar of the Shining One.
  2880 | D:3      | Reached skill level 5 in Fighting
  3495 | D:4      | Found a radiant altar of Vehumet.
  3580 | D:4      | Noticed Ijyb
  3596 | D:4      | Killed Ijyb
  3597 | D:4      | Reached XP level 6. HP: 47/51 MP: 6/6
  3645 | D:4      | Found a basalt altar of Yredelemnul.
  3730 | D:4      | Found a staircase to the Ecumenical Temple.
  3789 | Temple   | Entered the Ecumenical Temple
  3993 | Temple   | Became a worshipper of Warmaster Okawaru
  4044 | D:4      | Noticed Edmund
  4060 | D:4      | Killed Edmund
  4061 | D:4      | Reached skill level 6 in Fighting
  4061 | D:4      | Reached skill level 5 in Axes
  4061 | D:4      | Reached XP level 7. HP: 3/58 MP: 7/7
  4437 | D:4      | Found a shimmering altar of Xom.
  4446 | D:4      | Noticed Grinder
  4580 | D:4      | Killed Grinder
  4581 | D:4      | Reached skill level 7 in Fighting
  4784 | D:4      | Found a runed translucent door.
  4785 | D:4      | Noticed Crazy Yiuf
  5248 | D:4      | Noticed Crazy Yiuf
  5248 | D:4      | Crazy Yiuf changed into Crazy Yiuf the naga
  5255 | D:4      | Slain by Crazy Yiuf the naga

Illustrated notes

Levels and vault maps discovered:
D:1:      nzn_arrival_depleted_hourglass, layout_basic, fountainhead,
          minmay_tromino_v7
D:2:      minmay_roachtagon, layout_basic
D:3:      layout_basic, nicolae_tso_besieged_by_evil,
          chequers_ecumenical_altar_island
D:4:      layout_loops_ring, kennysheep_mini_moat,
          lemuel_coloured_pillars_altar, vehumet_altar_wand_db,
          minmay_temple_entry_enclosed_plants, uniq_ijyb, uniq_edmund,
          uniq_grinder, uniq_crazy_yiuf_cottage
Temple:   dshaligram_water_room_temple

Skill      XL: |  1  2  3  4  5  6  7 |
---------------+----------------------+-----
Fighting       | 4 5 6 7 |  7.0
Axes           | 3 4 5 |  5.9
Armour         | |  3.3
Shields        | |  3.6

Action                   |  1- 3 |  4- 6 |  7- 9 || total
-------------------------+-------+-------+-------++-------
Melee: War axe           |   103 |   131 |    36 ||   270
       Unarmed           |       |    14 |       ||    14
Evoke: Wand              |       |       |     1 ||     1
  Use: Potion            |       |     2 |     1 ||     3
Armor: Scale mail        |    75 |    43 |    12 ||   130
       Skin              |       |     1 |       ||     1
Dodge: Dodged            |    53 |    71 |    14 ||   138
Block: Buckler           |    34 |    26 |     5 ||    65

Table legend: (Time is in decaauts)
 A = Elapsed time spent in this place.
 B = Non-inter-level travel time spent in this place.
 C = Inter-level travel time spent in this place.
 D = Time resting spent in this place.
 E = Time spent auto-exploring this place.
 F = Levels seen in this place.
 G = Mean time per level.
                   A        B        C        D        E       F      G
               +--------+--------+--------+--------+--------+-----+--------+
         Total |   5347 |   5218 |    129 |     51 |   4428 |   5 | 1069.4 |
       Dungeon |   5126 |   5039 |     87 |     51 |   4261 |   4 | 1281.5 |
        Temple |    220 |    178 |     42 |      0 |    167 |   1 |  220.0 |
               +--------+--------+--------+--------+--------+-----+--------+

Top non-repeatable levels by time:
     D:4: 1659 daAuts
     D:2: 1304 daAuts
     D:1: 1302 daAuts
     D:3: 860 daAuts
  Temple: 220 daAuts
